 Dungeon Crawl Stone Soup version 0.28.0-45-g0d030f2227 (webtiles) character file.

Game seed: 10828703690393321164

58 MisterFreud the Covert (level 4, -7/41 HPs)
             Began as a Gnoll Delver on May 26, 2022.
             Was an Initiate of Ru.
             Shot with an arrow by a centaur (10 damage)
             ... on level 5 of the Dungeon.
             The game lasted 00:01:12 (387 turns).

MisterFreud the Covert (Gnoll Delver)                Turns: 387, Time: 00:01:12

Health: -7/41      AC:  3    Str: 12    XL:     4   Next: 2%
Magic:  5/5        EV: 13    Int: 11    God:    Ru [......]
Gold:   0          SH:  0    Dex: 13    Spells: 5/5 levels left

rFire   . . .      SeeInvis .   a - +0 short sword
rCold   . . .      Faith    .   (no shield)
rNeg    . . .      Spirit   .   b - +0 leather armour
rPois   .          Reflect  .   (no helmet)
rElec   .          Harm     .   (no cloak)
rCorr   .          Rampage  .   (no gloves)
Will    .....                   (no boots)
Stlth   ++++......              (no amulet)
HPRegen 0.13/turn               (no ring)
MPRegen 0.09/turn               (no ring)

@: no status effects
A: fangs 1, strong nose, distributed training
a: Renounce Religion


You were on level 5 of the Dungeon.
You worshipped Ru.
Ru was noncommittal.
You visited 2 branches of the dungeon, and saw 3 of its levels.

Inventory:

Hand Weapons
 a - a +0 short sword (weapon)
Armour
 b - a +0 leather armour (worn)
Wands
 g - a wand of digging (3)
Scrolls
 c - a scroll of fog
 d - a scroll of magic mapping
Potions
 f - a potion of haste


   Skills:
 + Level 6.5 Fighting
 + Level 4.6 Short Blades
 + Level 1.0 Long Blades
 + Level 1.0 Axes
 + Level 1.0 Maces & Flails
 + Level 1.0 Polearms
 + Level 1.0 Staves
 + Level 1.0 Slings
 + Level 1.0 Bows
 + Level 1.0 Crossbows
 + Level 1.0 Throwing
 + Level 1.0 Armour
 + Level 4.6 Dodging
 + Level 9.6 Stealth
 + Level 1.0 Shields
 + Level 1.0 Unarmed Combat
 + Level 1.0 Spellcasting
 + Level 0.7 Conjurations
 + Level 0.7 Hexes
 + Level 0.7 Summonings
 + Level 0.7 Necromancy
 + Level 0.7 Translocations
 + Level 0.7 Transmutations
 + Level 0.7 Fire Magic
 + Level 0.7 Ice Magic
 + Level 0.7 Air Magic
 + Level 0.7 Earth Magic
 + Level 0.7 Poison Magic
 + Level 1.1 Invocations
 + Level 1.0 Evocations


You had 5 spell levels left.
You didn't know any spells.
Your spell library was empty.

Dungeon Overview and Level Annotations

Branches:
Dungeon (5/15)             Temple (1/1) D:5

Altars:
Ashenzari
Cheibriados
Dithmenos
Elyvilon
Fedhas
Hepliaklqana
Nemelex Xobeh
Okawaru
Qazlal
Ru
Sif Muna
Trog
Uskayaw
Wu Jian
Xom
Yredelemnul


Innate Abilities, Weirdness & Mutations

You have very sharp teeth.
Your uncanny sense of smell can sniff out nearby items.
Your experience applies equally to all skills.


Message History

As you read the scroll of fear, it crumbles to dust.
You assume a fearsome visage.
The hound looks frightened!
The kobold looks frightened!
Found 11 gold pieces.
A phantom opens the door.
An orc comes into view.
It is wielding a +0 short sword and wearing a +1 ring mail of fire resistance.
The phantom misses you.
There is a stone staircase leading down here.
The phantom hits you.
* * * LOW HITPOINT WARNING * * *
The phantom blinks!
You blink.
Found a scroll labelled QOIMEIQA CEGAXT, a pair of runed gloves and a robe.
Unknown command.
The orc shouts!
The phantom barely misses you. The orc misses you.
The kobold closely misses you.
You see here 11 gold pieces.
The kobold seems to regain its courage.
Save game and exit?
Welcome back, MisterFreud the Gnoll Delver.
Ru says: Cut away your false body!
Press ? for a list of commands and other information.
Unknown command.
Unknown command.
Unknown command.
Unknown command.
Unknown command.
Unknown command.
Unknown command.
A white imp comes into view.
The hound bites you but does no damage.
The centaur shouts!
The centaur wields a +1 shortbow of freezing.
It is covered in frost.
The centaur shoots an arrow.
The arrow hits you.
* * * LOW HITPOINT WARNING * * *
The arrow freezes you.
* * * LOW HITPOINT WARNING * * *
The kobold shouts! x2
The hound closely misses you.
The centaur shoots an arrow.
The arrow hits you!
You die...

...K#######h# ########...########
.##.......... .........K.........
...K####### ....K.............
.....W...########.........K.<....
....####K##.......##.K.##...###..
##### #W##...:...##...##ZcK.....
#.##................####..
#o##.........[>.....####.#
##.##...oh@..K............#
#..o.W.##...##...##..######
#......##[..##...##........
#......##...........#......
#......##.....##...##......
#.............###.###...?..
#......##...c.# #.# #......
#......##...... .. #......
#......##....##### #.....!


You could see a phantom, a kobold brigand (wandering), a centaur, a hound, 2
orcs and 3 kobolds.

Vanquished Creatures
  A centaur zombie (D:5)
  An orc wizard (D:5)
  An orc (D:5)
3 creatures vanquished.

Vanquished Creatures (others)
  A plant (D:5)
1 creature vanquished.

Grand Total: 4 creatures vanquished

Notes
Turn   | Place    | Note
-------+----------+-------------------------------------------
     0 | D:5      | Reached skill level 9 in Stealth
     0 | D:5      | MisterFreud the Gnoll Delver began the quest for the Orb.
     0 | D:5      | Reached XP level 1. HP: 23/23 MP: 1/1
    10 | D:5      | Found a staircase to the Ecumenical Temple.
    16 | D:5      | Reached XP level 2. HP: 29/29 MP: 1/3
    16 | D:5      | Reached XP level 3. HP: 35/35 MP: 1/4
    16 | D:5      | Noticed a kobold brigand
    16 | D:5      | Noticed a centaur
    20 | Temple   | Entered the Ecumenical Temple
   287 | Temple   | Became a worshipper of Ru the Awakened
   350 | D:5      | Reached skill level 1 in Long Blades
   350 | D:5      | Reached skill level 1 in Axes
   350 | D:5      | Reached skill level 1 in Maces & Flails
   350 | D:5      | Reached skill level 1 in Polearms
   350 | D:5      | Reached skill level 1 in Staves
   350 | D:5      | Reached skill level 1 in Slings
   350 | D:5      | Reached skill level 1 in Bows
   350 | D:5      | Reached skill level 1 in Crossbows
   350 | D:5      | Reached skill level 1 in Throwing
   350 | D:5      | Reached skill level 1 in Armour
   350 | D:5      | Reached skill level 1 in Shields
   350 | D:5      | Reached skill level 1 in Unarmed Combat
   350 | D:5      | Reached skill level 1 in Spellcasting
   350 | D:5      | Reached skill level 1 in Invocations
   350 | D:5      | Reached skill level 1 in Evocations
   350 | D:5      | Reached XP level 4. HP: 9/41 MP: 5/5
   355 | D:5      | Noticed a phantom
   387 | D:5      | Shot with an arrow by a centaur

Illustrated notes

Levels and vault maps discovered:
D:4:      layout_cave_pools
D:5:      layout_basic, minmay_temple_entry_stoned_glass,
          sigmund_edmund_badplayer
Temple:   kb_temple_of_zot

Skill      XL: |  1  2  3 |
---------------+----------+-----
Stealth        | |  9.6
Long Blades    | 1 |  1.0
Axes           | 1 |  1.0
Maces & Flails | 1 |  1.0
Polearms       | 1 |  1.0
Staves         | 1 |  1.0
Slings         | 1 |  1.0
Bows           | 1 |  1.0
Crossbows      | 1 |  1.0
Throwing       | 1 |  1.0
Armour         | 1 |  1.0
Shields        | 1 |  1.0
Unarmed Combat | 1 |  1.0
Spellcasting   | 1 |  1.0
Invocations    | 1 |  1.1
Evocations     | 1 |  1.0
Fighting       | |  6.5
Short Blades   | |  4.6
Dodging        | |  4.6
Conjurations   | |  0.7
Hexes          | |  0.7
Summonings     | |  0.7
Necromancy     | |  0.7
Translocations | |  0.7
Transmutations | |  0.7
Fire Magic     | |  0.7
Ice Magic      | |  0.7
Air Magic      | |  0.7
Earth Magic    | |  0.7
Poison Magic   | |  0.7

Action                   |  1- 3 |  4- 6 || total
-------------------------+-------+-------++-------
Melee: Short sword       |     3 |       ||     3
  Use: Scroll            |       |     1 ||     1
 Stab: Sleeping          |     3 |       ||     3
Armor: Leather armour    |     7 |     1 ||     8
Dodge: Dodged            |    22 |     5 ||    27
